 Dungeon Sprint DCSS version 0.32-a0-928-g1cae6b7ea0 (webtiles) character file.

Game seed: 9961495125915706084

21067 Griffin23 the Minotaur Blade (level 12, -4/132 HPs)
             Began as a Minotaur Berserker on Apr 12, 2024.
             Was the Champion of Trog.
             Slain by a death drake (6 damage)
             ... in the Dungeon (Sprint III: "The Ten Rune Challenge").
             The game lasted 00:12:37 (3592 turns).

Griffin23 the Minotaur Blade (Minotaur Berserker)   Turns: 3592, Time: 00:13:07

Health: -4/132     AC: 18    Str: 26    XL:     12   Next: 50%
Magic:  11/11      EV:  8    Int:  4    God:    Trog [******]
Gold:   1928       SH:  0    Dex: 11    Spells: 11/11 levels left

rFire   . . .        y - +4 great sword (flame)
rCold   . . .        (shield currently unavailable)
rNeg    . . .        u - +0 plate armour
rPois   .            x - +0 hat
rElec   .            (no cloak)
rCorr   .            (no gloves)
SInv    .            (no boots)
Will    .....        (no amulet) Stlth
                     (no ring)
HPRegen 0.42/turn    (no ring)
MPRegen 0.12/turn

%: no teleportation
@: lethally poisoned (-4 -> -35), slightly contaminated, slowed, very slow
A: horns 2, retaliatory headbutt
a: Renounce Religion, Berserk, Trog's Hand, Brothers in Arms


You were in the Dungeon.
You worshipped Trog.
Trog was exalted by your worship.
You visited 1 branch You collected 2549 gold pieces.
You spent 621 gold pieces at shops.

Inventory:

Hand Weapons
 a - a +0 falchion
 d - the +11 plutonium sword {^Contam Stlth-}
   (Trog gifted it to you in the Dungeon)

   ^Contam:   It causes magical contamination when unequipped.
   Stlth-:    It makes you less stealthy.
 i - a +2 long sword of holy wrath
 r - a +1 great sword
 t - a +7 great sword
 y - a +4 great sword of flaming (weapon)
 z - a +0 heavy double sword
Missiles
 A - 7 javelins (quivered)
Armour
 b - a +0 animal skin
 s - a +0 chain mail
 u - a +0 plate armour (worn)
 x - a +0 hat (worn)
Wands
 p - a wand of warping (2)
Scrolls
 h - a scroll of blinking
 k - a scroll of poison {unknown}
 l - 2 scrolls of identify
 n - a scroll of torment {unknown}
 o - 2 scrolls of revelation {unknown}
Potions
 c - a potion of curing
 e - a potion of haste
 f - 2 potions of magic
 g - a potion of berserk rage
 j - 6 potions of mutation
 m - 3 potions of enlightenment
 w - a potion of might {unknown}
Miscellaneous
 q - a lightning rod (3/4)


   Skills:
 + Level 19.7 Fighting
 * Level 26.5 Long Blades
 + Level 19.5 Armour
 - Level 2.3 Dodging


You had 11 spell levels left.
You didn't know any spells.
Your spell library was empty.

Dungeon Overview and Level Annotations

Branches:
Dungeon (1/1)

Altars:
Cheibriados
Dithmenos
Elyvilon
Fedhas
Gozag
Hepliaklqana
Kikubaaqudgha
Makhleb
Nemelex Xobeh
Okawaru
Qazlal
Ru
Sif Muna
Trog
Uskayaw
Vehumet
Wu Jian
Xom
Yredelemnul
Zin
The Shining One
Beogh
Jiyva
Lugonu

Shops:
D [


Innate Abilities, Weirdness & Mutations

You have a pair of horns on your head.
You reflexively headbutt those who attack you in melee.


Message History

You are lethally poisoned!
You feel extremely sick. The death drake completely misses you.
You furiously retaliate!
You headbutt the death drake.
You feel better.
The death drake bites you but does no damage.
The death drake breathes miasma at you. The foul vapour engulfs you.
You are poisoned.
You feel as though you will be slow longer.
You are too injured to fight recklessly!
You are too injured to fight recklessly!
You slash the death drake! You burn the death drake.
The death drake is heavily wounded.
You are engulfed in dark miasma.
You are more poisoned.
* * * LOW HITPOINT WARNING * * *
You feel extremely sick. The death drake bites you.
* * * LOW HITPOINT WARNING * * *
You feel better.
You are engulfed in dark miasma.
You are poisoned.
* * * LOW HITPOINT WARNING * * *
You feel extremely sick. The death drake closely misses you.
The death drake barely misses you.
You barely miss the death drake. Your headbutt misses the death drake.
The death drake is heavily wounded.
You feel very sick. The death drake breathes miasma at you.
The foul vapour engulfs you!
You are lethally poisoned!
* * * LOW HITPOINT WARNING * * *
The death drake bites you but does no damage.
You feel much better.
You are engulfed in dark miasma.
You are more poisoned.
You feel as though you will be slow longer.
* * * LOW HITPOINT WARNING * * *
x2 You feel extremely sick.
The death drake bites you but does no damage.
The death drake bites you.
You die...

.....#.~♣♣♣♣♣♣♣♣♣♣♣♣♣♣♣♣PP##.#.#.
♣♣♣♣♣#..♣♣ ♣♣♣##+####
###†♣♣♣♣♣♣♣♣♣♣♣♣♣♣♣ ♣
♣♣♣♣.##..##~~~~~≈..# ♣♣
♣.†.##.##.#~~~~≈...# '♣
♣♣.##.##†##†~~~≈≈#### .♣
♣..#.##).)#~~.....○° ##♣♣
♣♣.##†##..#°°°+##### ...♣
♣♣.##.#####@°°# ...♣
♣.....##.°k°°.# ####
########+######


You could see a death drake (catching breath).

Vanquished Creatures
  Rupert (D)
  Gastronok (D)
  2 dire elephants (D)
  Josephine (D)
  2 hydras (D)
  A centaur warrior (D)
  4 death yaks (D)
  Urug (D)
  2 orc high priests (D)
  A lindwurm (D)
  A deep elf pyromancer (D)
  2 orc sorcerers (D)
  A black mamba (D)
  2 elephants (D)
  2 cane toads (D)
  An unseen horror (D)
  A rime drake (D)
  A komodo dragon (D)
  2 tyrant leeches (D)
  6 blink frogs (D)
  3 wandering mushrooms (D)
  A shadow (D)
  3 redbacks (D)
  A spatial vortex (D)
  2 orc warriors (D)
  A swamp drake (D)
  2 centaurs (D)
  An earth elemental (D)
  A weeping skull (D)
  A water elemental (D)
  A wight (D)
  A burial acolyte (D)
  An electric eel (D)
  A jelly (D)
  2 orc priests (D)
  Jessica (D)
  4 orc wizards (D)
  3 humans (D)
  A kobold demonologist (D)
  A phantom (D)
  4 orcs (D)
  2 endoplasms (D)
  A rat (D)
74 creatures vanquished.

Vanquished Creatures (collateral kills)
  A deep elf knight (D)
  A deep elf pyromancer (D)
  3 deep elf zephyrmancers (D)
  A black mamba (D)
  2 blink frogs (D)
8 creatures vanquished.

Grand Total: 82 creatures vanquished

Notes
Turn   | Place    | Note
-------+----------+-------------------------------------------
     0 | D        | Griffin23 the Minotaur Berserker began the quest for the
                  | Orb.
     0 | D        | Reached XP level 1. HP: 19/19 MP: 0/0
     6 | D        | Reached skill level 4 in Long Blades
    64 | D        | Noticed Jessica
    68 | D        | Killed Jessica
    68 | D        | Reached ** piety under Trog
    69 | D        | Reached skill level 5 in Fighting
    69 | D        | Reached skill level 6 in Long Blades
    69 | D        | Reached XP level 2. HP: 29/29 MP: 1/1
    69 | D        | Reached XP level 3. HP: 36/36 MP: 2/2
   191 | D        | Noticed a water elemental
   196 | D        | Killed a water elemental
   197 | D        | Reached skill level 8 in Long Blades
   197 | D        | Reached skill level 5 in Armour
   197 | D        | Reached XP level 4. HP: 39/45 MP: 3/3
   261 | D        | Found a glowing silver altar of Zin.
   261 | D        | Found a glowing golden altar of the Shining One.
   261 | D        | Found a white marble altar of Elyvilon.
   263 | D        | Noticed a deep elf pyromancer
   266 | D        | Noticed a fire elemental
   270 | D        | Killed a deep elf pyromancer
   270 | D        | Reached *** piety under Trog
   271 | D        | Reached skill level 13 in Long Blades
   271 | D        | Reached XP level 5. HP: 45/58 MP: 4/4
   271 | D        | Reached XP level 6. HP: 52/66 MP: 5/5
   271 | D        | Reached XP level 7. HP: 55/71 MP: 6/6
   473 | D        | Found a hide-covered altar of Uskayaw.
   473 | D        | Found a roughly hewn altar of Beogh.
   473 | D        | Found an iron altar of Okawaru.
   473 | D        | Found a bloodstained altar of Trog.
   473 | D        | Found an ornate altar of the Wu Jian Council.
   473 | D        | Noticed a human
   473 | D        | Noticed a human
   477 | D        | Killed a human
   478 | D        | Reached skill level 10 in Fighting
   479 | D        | Killed a human
   480 | D        | Reached skill level 14 in Long Blades
   480 | D        | Reached skill level 10 in Armour
   535 | D        | Found a radiant altar of Vehumet.
   535 | D        | Found a shimmering blue altar of Sif Muna.
   535 | D        | Found an ancient bone altar of Kikubaaqudgha.
   539 | D        | Reached **** piety under Trog
   666 | D        | Found a basalt altar of Yredelemnul.
   666 | D        | Found a shadowy altar of Dithmenos.
   666 | D        | Found a sacrificial altar of Ru.
   739 | D        | Noticed a shadow
   744 | D        | Killed a shadow
   745 | D        | Reached skill level 15 in Long Blades
   745 | D        | Reached XP level 8. HP: 80/82 MP: 7/7
   746 | D        | Reached ***** piety under Trog
   913 | D        | Found a blossoming altar of Fedhas.
   913 | D        | Found a stormy altar of Qazlal.
   913 | D        | Found a snail-covered altar of Cheibriados.
   913 | D        | Found a burning altar of Makhleb.
   913 | D        | Found a shimmering altar of Xom.
   914 | D        | Found a hazy altar of Hepliaklqana.
   914 | D        | Found an opulent altar of Gozag.
   914 | D        | Found a sparkling altar of Nemelex Xobeh.
   914 | D        | Found a corrupted altar of Lugonu.
   914 | D        | Found a viscous altar of Jiyva.
  1044 | D        | Noticed Josephine
  1053 | D        | Killed Josephine
  1054 | D        | Reached skill level 17 in Long Blades
  1111 | D        | Received a gift from Trog
  1112 | D        | Reached XP level 9. HP: 92/92 MP: 8/8
  1154 | D        | Noticed a centaur warrior
  1164 | D        | Killed a centaur warrior
  1165 | D        | Reached skill level 18 in Long Blades
  1521 | D        | Noticed an orc sorcerer
  1537 | D        | Killed an orc sorcerer
  1541 | D        | Noticed an orc sorcerer
  1560 | D        | Noticed an ice devil
  1561 | D        | Noticed a hellwing
  1561 | D        | Killed an orc sorcerer
  1561 | D        | Reached ****** piety under Trog
  1562 | D        | Reached skill level 19 in Long Blades
  1562 | D        | Received a gift from Trog
  1562 | D        | Found the +11 plutonium sword {^Contam Stlth-}
  1565 | D        | Noticed an orc high priest
  1578 | D        | Noticed a smoke demon
  1580 | D        | Killed an orc high priest
  1581 | D        | Reached XP level 10. HP: 75/104 MP: 9/9
  1732 | D        | Received a gift from Trog
  1792 | D        | Noticed an orc high priest
  1804 | D        | Killed an orc high priest
  1805 | D        | Reached skill level 15 in Fighting
  1805 | D        | Reached skill level 20 in Long Blades
  2003 | D        | Found Awommib's Antique Armour Shoppe.
  2037 | D        | Bought a plate armour for 621 gold pieces
  2051 | D        | Noticed a deep elf zephyrmancer
  2051 | D        | Noticed a deep elf pyromancer
  2051 | D        | Noticed a deep elf zephyrmancer
  2051 | D        | Noticed a deep elf zephyrmancer
  2051 | D        | Noticed a deep elf knight
  2060 | D        | Killed a deep elf zephyrmancer
  2061 | D        | Reached skill level 15 in Armour
  2064 | D        | Killed a deep elf zephyrmancer
  2069 | D        | Killed a deep elf knight
  2070 | D        | Reached skill level 21 in Long Blades
  2074 | D        | Killed a deep elf pyromancer
  2074 | D        | Received a gift from Trog
  2076 | D        | Killed a deep elf zephyrmancer
  2083 | D        | Noticed a deep elf demonologist
  2085 | D        | Noticed a deep elf death mage
  2094 | D        | Noticed a deep elf master archer
  2323 | D        | Noticed a rust devil
  2480 | D        | Reached skill level 22 in Long Blades
  2480 | D        | Reached XP level 11. HP: 115/115 MP: 10/10
  2656 | D        | Received a gift from Trog
  2686 | D        | Reached skill level 23 in Long Blades
  2701 | D        | Noticed Rupert
  2708 | D        | Killed Rupert
  2754 | D        | Noticed an azure jelly
  2754 | D        | Noticed an azure jelly
  2754 | D        | Noticed an azure jelly
  2754 | D        | Noticed an azure jelly
  2758 | D        | Noticed a dire elephant
  2758 | D        | Noticed a dire elephant
  2758 | D        | Noticed Gastronok
  2763 | D        | Killed a dire elephant
  2767 | D        | Killed Gastronok
  2767 | D        | Received a gift from Trog
  2768 | D        | Reached skill level 24 in Long Blades
  2775 | D        | Killed a dire elephant
  2911 | D        | Noticed a death yak
  2913 | D        | Noticed a death yak
  2913 | D        | Noticed a death yak
  2918 | D        | Killed a death yak
  2919 | D        | Noticed a death yak
  2923 | D        | Killed a death yak
  2924 | D        | Reached skill level 25 in Long Blades
  2924 | D        | Reached XP level 12. HP: 128/128 MP: 11/11
  2927 | D        | Killed a death yak
  2931 | D        | Killed a death yak
  2931 | D        | Received a gift from Trog
  3367 | D        | Received a gift from Trog
  3408 | D        | Reached skill level 26 in Long Blades
  3512 | D        | Noticed Urug
  3518 | D        | Killed Urug
  3553 | D        | Noticed a four-headed hydra
  3553 | D        | Noticed a four-headed hydra
  3572 | D        | Killed a one-headed hydra
  3574 | D        | Killed a two-headed hydra
  3574 | D        | Received a gift from Trog
  3592 | D        | HP: 2/132 [poisoned by a death drake (dark miasma)]
  3592 | D        | Slain by a death drake

Illustrated notes

Levels and vault maps discovered:
D:        dungeon_sprint_mu [sprint_mu_entry_forest, sprint_mu_temple_rooms,
          sprint_mu_d1_horrors, sprint_mu_d2_genie, sprint_mu_d3_branching,
          sprint_mu_orc_legion, sprint_mu_elf_gauntlet, sprint_mu_hive_nellie,
          sprint_mu_lair_fedhas, sprint_mu_vaults_butterflies,
          sprint_mu_slime_circle, sprint_mu_swamp_cave, sprint_mu_snake_twists,
          sprint_mu_blade_basic, sprint_mu_crypt_chambers,
          sprint_mu_tomb_spiral, sprint_mu_vestibule_basic,
          sprint_mu_gehenna_hellfire, sprint_mu_dis_giant,
          sprint_mu_tartarus_statrot, sprint_mu_cocytus_islands, sprint_mu_zot1]

Skill      XL: |  1  2  3  4  5  6  7  8  9 10 11 12 |
---------------+-------------------------------------+-----
Fighting       | 5 6 9 11 12 14 16 18 19 | 19.7
Long Blades    | 6 8 13 15 17 19 22 25 26 | 26.5
Armour         | 4 5 9 11 12 14 16 18 19 | 19.5
Dodging        | |  2.3

Action                     |  1- 3 |  4- 6 |  7- 9 | 10-12 || total
---------------------------+-------+-------+-------+-------++-------
  Melee: Falchion          |    27 |     6 |       |       ||    33
         Headbutt          |     5 |     2 |    18 |    27 ||    52
         Long sword        |       |       |    41 |       ||    41
         Great sword       |       |       |    32 |    11 ||    43
         Triple sword      |       |       |       |   133 ||   133
 Invoke: Berserk           |     3 |     1 |     8 |     4 ||    16
         Brothers in Arms  |       |       |       |     3 ||     3
  Evoke: Lightning rod     |       |       |     1 |     3 ||     4
    Use: Potion            |       |       |     2 |     3 ||     5
 Armour: Animal skin       |     8 |     6 |    51 |     8 ||    73
         Plate armour      |       |       |       |   101 ||   101
  Dodge: Dodged            |     9 |     2 |    24 |    26 ||    61

Table legend: (Time is in decaauts)
 A = Elapsed time spent in this place.
 B = Non-inter-level travel time spent in this place.
 C = Inter-level travel time spent in this place.
 D = Time resting spent in this place.
 E = Time spent auto-exploring this place.
 F = Levels seen in this place.
 G = Mean time per level.
                   A        B        C        D        E       F      G
               +--------+--------+--------+--------+--------+-----+--------+
         Total |   3705 |   3598 |    107 |   2609 |    112 |   1 | 3705.0 |
       Dungeon |   3705 |   3598 |    107 |   2609 |    112 |   1 | 3705.0 |
               +--------+--------+--------+--------+--------+-----+--------+

Top non-repeatable levels by time:
       D: 3705 daAuts
